 Dungeon Crawl Stone Soup version 0.21.1-1-g345015f (webtiles) character file.

192 EtherFrog the Shield-Bearer (level 5, -8/47 HPs)
             Began as a Gnoll Fighter on Mar 20, 2018.
             Killed by nerve-wracking pain
             ... invoked by an orc priest
              (13 damage)
             ... on level 4 of the Dungeon.
             The game lasted 00:08:37 (2660 turns).

EtherFrog the Shield-Bearer (Gnoll Fighter)         Turns: 2660, Time: 00:08:38

Health: -8/47      AC: 10    Str: 18    XL:     5   Next: 71%
Magic:  7/7        EV:  8    Int: 11    God:
Gold:   154        SH: 14    Dex: 15    Spells: 7/7 levels left

rFire    . . .     SeeInvis .   L - +0 falchion (slice)
rCold    . . .     Gourm    .   c - +0 shield
rNeg     . . .     Faith    .   b - +0 scale mail
rPois    .         Spirit   .   E - +0 helmet
rElec    .         Reflect  +   B - +0 cloak
rCorr    .         Harm     .   (no gloves)
MR       +....                  (no boots)
Stlth    +.........             g - +4 amulet of reflection
HPRegen  0.15/turn              k - ring of wizardry
MPRegen  0.10/turn              F - ring of protection from magic

@: no status effects
A: distributed training, fangs 1, strong nose
a: no special abilities


You were on level 4 of the Dungeon.
You were not hungry.

You visited 1 branch of the dungeon, and saw 4 of its levels.

You collected 154 gold pieces.

Inventory:

Hand Weapons
 a - a +0 flail
 j - a +0 club
 o - a +0 dagger
 q - a cursed -3 hand axe
 s - a +0 spear
 x - a +0 flail
 A - a +3 quarterstaff of chaos
 G - a +0 falchion
 H - a +0 blowgun
 K - a +0 war axe
 L - a +0 falchion of slicing (weapon)
 M - a +0 flail
Missiles
 i - 8 arrows
 l - 40 stones (quivered)
 I - 5 poisoned needles
Armour
 b - a +0 scale mail (worn)
 c - a +0 shield (worn)
 t - a +0 robe
 u - a +0 scale mail
 B - a +0 cloak (worn)
 D - a +0 animal skin
 E - a +0 helmet (worn)
Jewellery
 g - a +4 amulet of reflection (around neck)
 k - a ring of wizardry (left hand)
 F - a ring of protection from magic (right hand)
 J - a cursed -6 ring of strength {unknown}
Scrolls
 h - a scroll of identify {unknown}
 n - 4 scrolls of blinking {unknown}
 p - a scroll of enchant weapon {unknown}
 r - 3 scrolls of remove curse {unknown}
 y - a scroll of magic mapping {unknown}
Potions
 d - a potion of might
 e - 2 potions of lignification
 m - a potion of cancellation {unknown}
 v - 3 potions of curing {unknown}
 z - 2 potions of heal wounds {unknown}
 C - a potion of flight {unknown}
Comestibles
 f - 5 rations


   Skills:
 + Level 6.7 Fighting
 + Level 1.5 Short Blades
 + Level 1.5 Long Blades
 + Level 1.5 Axes
 + Level 4.8 Maces & Flails
 + Level 1.5 Polearms
 + Level 1.5 Staves
 + Level 1.5 Slings
 + Level 1.5 Bows
 + Level 1.5 Crossbows
 + Level 1.5 Throwing
 + Level 6.7 Armour
 + Level 1.5 Dodging
 + Level 1.5 Stealth
 + Level 6.7 Shields
 + Level 1.5 Unarmed Combat
 + Level 1.5 Spellcasting
 + Level 1.2 Conjurations
 + Level 1.2 Hexes
 + Level 1.2 Charms
 + Level 1.2 Summonings
 + Level 1.2 Necromancy
 + Level 1.2 Translocations
 + Level 1.2 Transmutations
 + Level 1.2 Fire Magic
 + Level 1.2 Ice Magic
 + Level 1.2 Air Magic
 + Level 1.2 Earth Magic
 + Level 1.2 Poison Magic
 + Level 1.7 Invocations
 + Level 1.5 Evocations


You had 7 spell levels left.
You didn't know any spells.

Dungeon Overview and Level Annotations

Branches:
Dungeon (4/15)
 Temple: D:4-7

Altars:
Hepliaklqana
Xom


Innate Abilities, Weirdness & Mutations

Your experience applies equally to all skills.
You have very sharp teeth.
Your uncanny sense of smell can sniff out nearby items.


Message History

The orc priest hits you.
* * * LOW HITPOINT WARNING * * *
The orc wizard hits you but does no damage.
You closely miss the orc wizard. Your bite misses the orc wizard.
The orc wizard is heavily wounded.
The orc wizard hits you but does no damage.
The orc priest hits you but does no damage.
The orc wizard closely misses you.
You closely miss the orc wizard.
The orc wizard is heavily wounded.
The orc wizard casts a spell at you. The magic dart hits you!
The orc priest invokes the aid of Beogh against you.
You resist with some effort.
The orc wizard gestures at you while chanting.
The magic dart hits you!
* * * LOW HITPOINT WARNING * * *
The orc priest mumbles some strange prayers to Beogh against you.
Pain shoots through your body!
You die...

# ### o# #.
..# .# . #.
#.# .#
..###.##.#
.#
......<..#
.#
.........#
.#
#..<)####.#
#....o@o).#
#.#..######
#....#
......##
#######


You could see an orc priest and an orc wizard.

Vanquished Creatures
  Crazy Yiuf (D:2)
  Terence (D:2)
  A worker ant (D:2)
  The ghost of letownia2 the Insei, a weakling MfTm (D:3)
  Robin (D:3)
  An adder (D:3)
  A worm (D:2)
  3 dart slugs
  A leopard gecko (D:3)
  2 orcs
  A ball python (D:2)
  3 giant cockroaches
  14 goblins
  9 hobgoblins
  A quokka (D:2)
  5 bats
  2 frilled lizards
  12 kobolds
  8 rats
68 creatures vanquished.

Notes
Turn   | Place    | Note
-------+----------+-------------------------------------------
     0 | D:1      | EtherFrog the Gnoll Fighter began the quest for the Orb.
     0 | D:1      | Reached XP level 1. HP: 23/23 MP: 1/1
    93 | D:1      | Reached XP level 2. HP: 24/29 MP: 2/2
   375 | D:1      | Reached XP level 3. HP: 35/35 MP: 3/3
   635 | D:2      | Found a sacrificial altar of Ru.
   637 | D:2      | Found an ancient bone altar of Kikubaaqudgha.
   637 | D:2      | Found a shimmering altar of Xom.
   639 | D:2      | Found a hide-covered altar of Uskayaw.
   639 | D:2      | Found an ancient bone altar of Kikubaaqudgha.
   639 | D:2      | Found a shimmering altar of Xom.
   693 | D:2      | Found a hazy altar of Hepliaklqana.
   747 | D:2      | Reached skill level 1 in Short Blades
   747 | D:2      | Reached skill level 1 in Long Blades
   747 | D:2      | Reached skill level 1 in Axes
   747 | D:2      | Reached skill level 1 in Polearms
   747 | D:2      | Reached skill level 1 in Staves
   747 | D:2      | Reached skill level 1 in Slings
   747 | D:2      | Reached skill level 1 in Bows
   747 | D:2      | Reached skill level 1 in Crossbows
   747 | D:2      | Reached skill level 1 in Throwing
   747 | D:2      | Reached skill level 1 in Dodging
   747 | D:2      | Reached skill level 1 in Stealth
   747 | D:2      | Reached skill level 1 in Unarmed Combat
   747 | D:2      | Reached skill level 1 in Spellcasting
   747 | D:2      | Reached skill level 1 in Invocations
   747 | D:2      | Reached skill level 1 in Evocations
  1050 | D:2      | Reached XP level 4. HP: 33/41 MP: 5/5
  1091 | D:2      | Noticed Terence
  1105 | D:2      | Killed Terence
  1502 | D:2      | Found a runed door.
  1506 | D:2      | Noticed Crazy Yiuf
  1519 | D:2      | Killed Crazy Yiuf
  1519 | D:2      | Reached skill level 1 in Conjurations
  1519 | D:2      | Reached skill level 1 in Hexes
  1519 | D:2      | Reached skill level 1 in Charms
  1519 | D:2      | Reached skill level 1 in Summonings
  1519 | D:2      | Reached skill level 1 in Necromancy
  1519 | D:2      | Reached skill level 1 in Translocations
  1519 | D:2      | Reached skill level 1 in Transmutations
  1519 | D:2      | Reached skill level 1 in Fire Magic
  1519 | D:2      | Reached skill level 1 in Ice Magic
  1519 | D:2      | Reached skill level 1 in Air Magic
  1519 | D:2      | Reached skill level 1 in Earth Magic
  1519 | D:2      | Reached skill level 1 in Poison Magic
  1519 | D:2      | Reached XP level 5. HP: 42/47 MP: 6/6
  1935 | D:3      | Noticed Robin
  1947 | D:3      | Killed Robin
  2142 | D:3      | Noticed letownia2's ghost (weakling MfTm)
  2149 | D:3      | Killed letownia2's ghost
  2660 | D:4      | Killed from afar by an orc priest

Skill      XL: |  1  2  3  4 |
---------------+-------------+-----
Short Blades   | 1 |  1.5
Long Blades    | 1 |  1.5
Axes           | 1 |  1.5
Polearms       | 1 |  1.5
Staves         | 1 |  1.5
Slings         | 1 |  1.5
Bows           | 1 |  1.5
Crossbows      | 1 |  1.5
Throwing       | 1 |  1.5
Dodging        | 1 |  1.5
Stealth        | 1 |  1.5
Unarmed Combat | 1 |  1.5
Spellcasting   | 1 |  1.5
Invocations    | 1 |  1.7
Evocations     | 1 |  1.5
Conjurations   | 1 |  1.2
Hexes          | 1 |  1.2
Charms         | 1 |  1.2
Summonings     | 1 |  1.2
Necromancy     | 1 |  1.2
Translocations | 1 |  1.2
Transmutations | 1 |  1.2
Fire Magic     | 1 |  1.2
Ice Magic      | 1 |  1.2
Air Magic      | 1 |  1.2
Earth Magic    | 1 |  1.2
Poison Magic   | 1 |  1.2
Fighting       | |  6.7
Maces & Flails | |  4.8
Armour         | |  6.7
Shields        | |  6.7

Action                   |  1- 3 |  4- 6 || total
-------------------------+-------+-------++-------
Melee: Flail             |    94 |   117 ||   211
       Bite              |     8 |    18 ||    26
       Falchion          |       |    15 ||    15
  Use: Potion            |     1 |       ||     1
  Eat: Chunk             |       |     6 ||     6
Armor: Scale mail        |    50 |    28 ||    78
Dodge: Dodged            |    35 |    27 ||    62
Block: Shield            |    66 |    79 ||   145
       Reflection        |       |     3 ||     3
       Rpst.: Falchion   |       |     1 ||     1
